 Dungeon Crawl Stone Soup version 0.20-a0-920-gb18bc0f (webtiles) character file.

120 Goblin1989 the Cutter (level 5, -1/32 HPs)
             Began as a Kobold Gladiator on Mar 25, 2017.
             Slain by an orc
             ... wielding a +0 hand axe
              (6 damage)
             ... on level 3 of the Dungeon on Mar 26, 2017.
             The game lasted 00:05:55 (2550 turns).

Goblin1989 the Cutter (Kobold Gladiator)            Turns: 2550, Time: 00:05:56

Health: -1/32      AC:  4    Str: 11    XL:     5   Next: 25%
Magic:  5/5        EV: 16    Int: 10    God:
Gold:   155        SH:  0    Dex: 17    Spells: 4/4 levels left

rFire    . . .     SeeInvis .   a - +0 rapier
rCold    . . .     Gourm    .   (shield restricted)
rNeg     . . .     Faith    .   b - +0 leather armour
rPois    .         Spirit   .   c - +0 helmet
rElec    .         Reflect  .   (no cloak)
rCorr    .         Harm     .   (no gloves)
MR       .....                  (no boots)
Stlth    ++........             (no amulet)
Regen    0.1/turn               (no ring)
MPRegen  0.1/turn               (no ring)

@: no status effects
A: carnivore 3
a: no special abilities


You were on level 3 of the Dungeon.
You were completely stuffed.

You visited 1 branch of the dungeon, and saw 3 of its levels.

You collected 155 gold pieces.

Inventory:

Hand Weapons
 a - a +0 rapier (weapon)
Missiles
 l - 12 curare-tipped needles
 m - 7 needles of confusion
 Z - 3 throwing nets {!d, =f}
Armour
 b - a +0 leather armour (worn)
 c - a +0 helmet (worn)
 d - a cursed +0 ring mail
Jewellery
 g - an uncursed ring of protection from fire {unknown}
 s - a +3 ring of evasion {unknown}
Scrolls
 e - a scroll of remove curse {unknown}
 h - 3 scrolls of magic mapping {unknown}
 i - a scroll of random uselessness {unknown}
 j - 5 scrolls of identify {unknown}
 k - 2 scrolls of enchant armour {unknown}
 p - 2 scrolls of fear {unknown}
 u - a scroll of fog {unknown}
 v - a scroll of teleportation {unknown}
Potions
 n - a potion of berserk rage {unknown}
 r - a potion of brilliance {unknown}
 t - 2 potions of might {unknown}
Comestibles
 f - a meat ration {@e2}
 o - 2 royal jellies


   Skills:
 + Level 2.9 Fighting
 * Level 5.7 Short Blades
 - Level 2.1 Throwing
 + Level 4.2 Dodging
 + Level 3.0 Stealth


You had 4 spell levels left.
You didn't know any spells.

Dungeon Overview and Level Annotations

Branches:
Dungeon (3/15)

Altars:
Ashenzari
Fedhas
Makhleb


Innate Abilities, Weirdness & Mutations

You are small and have problems with some larger weapons.
You are carnivorous and can eat meat at any time.


Message History

An orc comes into view. It is wielding a mace.
You regained 8 hp, and now have 21/32 hp.
An orc comes into view.
The orc moves out of view.
An orc and an orc priest come into view.
The orc priest moves out of view.
Items here: )) [ †† a club; a flail; a leather armour; an adder corpse; an orc corpse You see here a rat corpse.
You butcher the rat corpse.
q - a chunk of flesh You see here a rat skeleton.
Eating a chunk of flesh.
You eat the chunk of flesh.
This raw flesh tastes great.
Found a burning altar of Makhleb.
Found a blossoming altar of Fedhas.
HP restored.
You see here 11 arrows.
o - 2 royal jellies (gained 1) Health restored: 32 You see here 11 arrows.
You see here a rat skeleton.
Items here: )) [ ÷÷ a club; a flail; a leather armour; an adder skeleton; an orc skeleton A rat comes into view.
You hit the rat but do no damage. The rat bites you but does no damage.
You closely miss the rat. The rat bites you but does no damage.
You barely miss the rat. The rat bites you.
You take 1 damage, and have 31/32 hp.
You hit the rat.
You kill the rat!
No target in view!
No target in view!
No target in view!
No target in view!
No target in view!
No target in view!
No target in view!
No target in view!
No target in view!
No target in view!
No target in view!
No target in view!
No target in view!
No target in view!
No target in view!
No target in view!
You butcher the rat corpse.
q - a chunk of flesh Health restored: 32 Eating a chunk of flesh.
You eat the chunk of flesh.
This raw flesh tastes great.
You now have 155 gold pieces (gained 3).
You see here a leather armour.
An orc comes into view. It is wielding a scimitar.
The orc shouts!
You hear a shout! x3
The orc completely misses you.
You puncture the orc!
You kill the orc!
The orc closely misses you.
Things that are here:
a scimitar; a scroll labeled ZUINYI NADIU; an orc corpse You barely miss the orc.
The orc misses you.
You hit the orc but do no damage. The orc hits you but does no damage.
You closely miss the orc. The orc hits you with a hand axe.
The orc barely misses you.
You hit the orc.
The orc is severely wounded.
The orc barely misses you. x2; The orc closely misses you.
You take 1 damage, and have 31/32 hp.
You barely miss the orc.
The orc is severely wounded.
The orc hits you but does no damage. The orc barely misses you.
The orc hits you.
The orc priest invokes the aid of Beogh against you.
Beogh smites you!
You take 13 damage, and have 18/32 hp.
MASSIVE DAMAGE!!
You hit the orc but do no damage.
The orc is severely wounded.
The orc hits you with a mace. The orc hits you with a hand axe.
The orc priest looks encouraged for a moment.
The orc hits you but does no damage.
You take 3 damage, and have 15/32 hp.
You hit the orc.
The orc is almost dead.
You closely miss the orc.
The orc is almost dead.
The orc priest invokes the aid of Beogh against you.
Beogh smites you!
* * * LOW HITPOINT WARNING * * *
The orc hits you.
* * * LOW HITPOINT WARNING * * *
The orc misses you. x2
You take 10 damage, and have 5/32 hp.
MASSIVE DAMAGE!!
You hit the orc but do no damage.
The orc is almost dead.
The orc priest calls upon Beogh to heal the orc.
The orc is healed somewhat.
The orc barely misses you. The orc hits you with a hand axe.
You die...

█.█>███..████████...............
█.█.███............████...██████
██.........███████..█ ██.██
.........█.......[..█ █...
██...███.█.███████..███


█████ ██...█ █.█.█ █....█ .....█ █.█.█ ███..█.█ ██÷███ ....█ █÷...█.█ █... .█...
█@█..█ █ ...██ .......oooo..█ .█.█ ██.█.██.██[██.█ .. .. █ █.█ .█ ██ ██. █.█ .█
. ... .█ ... █.█ You could see an orc priest and 3 orcs.

Vanquished Creatures
  A gnoll (D:1)
  4 adders
  An ooze (D:2)
  2 worms (D:2)
  A dart slug (D:1)
  2 orcs (D:3)
  4 bats
  4 giant cockroaches
  4 goblins
  11 hobgoblins
  8 jackals
  A ball python (D:1)
  2 frilled lizards (D:1)
  4 kobolds
  7 rats
56 creatures vanquished.

Notes
Turn   | Place    | Note
-------+----------+-------------------------------------------
     0 | D:1      | Goblin1989 the Kobold Gladiator began the quest for the Orb.
     0 | D:1      | Reached XP level 1. HP: 12/12 MP: 1/1
     0 | D:1      | Noticed a human
     0 | D:1      | Goblin1989: =totaldur.lg goblin1989
     0 | D:1      | beem: 1872 games for goblin1989: 42d+10:05:53
     0 | D:1      | Goblin1989: Goblin1989: !lg goblin1989 s=-god
     0 | D:1      | Goblin1989: !lg goblin1989 s=-god
     0 | D:1      | beem: 1872 games for goblin1989: 2x Jiyva, 2x Pakellas, 3x Beogh, 4x Yredelemnul, 4x Zin, 5x Nemelex Xobeh, 5x Sif Muna, 7x Kikubaaqudgha, 7x The Shining One, 9x Uskayaw, 10x Qazlal, 12x Xom, 15x Fedhas, 17x Vehumet, 18x Elyvilon, 24x Hepliaklqana, 28x Dithmenos, 29x Lugonu, 29x Ashenzari, 41x Ru, 57x Cheibriados, 91x Makhleb, 92x Trog, 114x Gozag, 129x Okawaru, 1118x
     0 | D:1      | Goblin1989: !lg goblin1989 !won s=urune
     0 | D:1      | beem: 1846 games for goblin1989 (!won): 1810x 0, 17x 1, 12x 2, 4x 3, 2x 5, 6
     1 | D:1      | Noticed an elf
     4 | D:1      | Noticed a human
    23 | D:1      | Noticed a ghoul
    63 | D:1      | Reached skill level 1 in Stealth
    63 | D:1      | Reached XP level 2. HP: 14/18 MP: 2/2
   367 | D:1      | Reached XP level 3. HP: 22/22 MP: 3/3
   749 | D:2      | Found a shattered altar of Ashenzari.
   826 | D:2      | Reached skill level 5 in Short Blades
   953 | D:2      | Reached XP level 4. HP: 11/27 MP: 4/4
  2245 | D:3      | Reached XP level 5. HP: 23/32 MP: 5/5
  2384 | D:3      | Found a burning altar of Makhleb.
  2387 | D:3      | Found a blossoming altar of Fedhas.
  2550 | D:3      | Slain by an orc

Vault maps used:
D:1:      shiori_arrival_whats_in_store_for_you
D:2:      first_bread, nicolae_ashenzari_panopticon
D:3:      nicolae_overflow_hidden_temple, minmay_bisected

Skill      XL: |  1  2  3  4  5 |
---------------+----------------+-----
Stealth        | 1 2 3 |  3.0
Short Blades   | 5 |  5.7
Dodging        | 4 |  4.2
Fighting       | |  2.9
Throwing       | |  2.1

Action                   |  1- 3 |  4- 6 || total
-------------------------+-------+-------++-------
Melee: Rapier            |    68 |   111 ||   179
 Stab: Sleeping          |     2 |     4 ||     6
  Eat: Chunk             |     9 |     5 ||    14
Armor: Leather armour    |    10 |    15 ||    25
Dodge: Dodged            |    54 |    72 ||   126

Vault maps used:
D:1:      shiori_arrival_whats_in_store_for_you
D:2:      first_bread, nicolae_ashenzari_panopticon
D:3:      nicolae_overflow_hidden_temple, minmay_bisected
